Map: Dreamcatcher LE

Players

Apoptosis - Winner!

  • Race: Zerg Zerg
  • League: Diamond
  • Spawn Location: 11:00

blasterofrac

  • Race: Terran Terran
  • Spawn Location: 5:00

VOD

Have the link to the VOD?

Description

Time

  • Played on: Nov. 9, 2018, 6:15 a.m.
  • Length: 27:17
Show
View Real Time Build Order
Export as new Build Order

Apoptosis Zerg - Winner!

Build Orders: Hatch First 

Get SALT Encoding   

  12  0:01  Drone  
  13  0:12  Overlord  
  13  0:17  Drone  
  14  0:30  Drone  
  14  0:32  Drone  
  16  0:50  Hatchery  
  16  0:53  Drone  
  16  0:57  Drone  
  16  1:00  Drone  
  18  1:11  Extractor  
  17  1:16  Spawning Pool  
  16  1:19  Drone  
  16  1:22  Drone  
  18  1:28  Drone  
  19  1:38  Overlord  
  19  2:03  Queen x2  
  19  2:04  Zergling x6  
  26  2:10  Metabolic Boost  
  26  2:13  Drone  
  27  2:18  Drone  
  28  2:25  Drone x2  
  30  2:45  Hatchery  
  30  2:47  Drone x2  
  30  2:52  Drone  
  31  2:58  Queen  
  31  3:02  Overlord  
  33  3:19  Drone x2  
  36  3:20  Drone  
  36  3:21  Queen  
  38  3:32  Drone x2  
  38  3:33  Drone  
  41  3:34  Queen  
  41  3:35  Overlord  
  41  3:40  Overlord  
  43  3:44  Overlord  
  43  3:48  Overlord  
  43  4:00  Queen  
  45  4:07  Drone x7  
  45  4:08  Drone  
  53  4:15  Baneling Nest  
  52  4:17  Queen  
  52  4:24  Drone x3  
  57  4:36  Queen  
  59  4:38  Drone  
  59  4:39  Drone x5  
  65  4:47  Overlord  
  65  4:50  Queen  
  67  4:54  Queen  
  67  4:57  Zergling x4  
  67  4:58  Zergling x4  
  73  5:00  Overlord  
  73  5:04  Overlord  
  73  5:15  Zergling x12  
  73  5:17  Baneling  
  79  5:26  Baneling x8  
  79  5:27  Zergling x2  
  79  5:28  Zergling x12  
  86  5:32  Queen  
  86  5:34  Queen  
  90  5:39  Overlord x2  
  90  5:47  Overlord x3  
  83  6:14  Drone  
  83  6:15  Drone x12  
  96  6:30  Hatchery  
  96  6:31  Extractor, Lair  
  96  6:32  Extractor  
  93  6:36  Hatchery  
  92  6:45  Extractor  
  92  6:46  Extractor  
  90  6:47  Drone x3  
  90  6:48  Drone x3  
  90  6:49  Drone x3  
  90  6:50  Drone x3  
  102  6:57  Queen  
  104  7:05  Drone  
  104  7:06  Drone x7  
  112  7:29  Overlord  
  112  7:30  Evolution Chamber  
  112  7:31  Zergling x22  
  112  7:32  Evolution Chamber  
  112  7:34  Centrifical Hooks  
  112  7:35  Hydralisk Den  
  116  8:02  Zerg Melee Weapons Level 1  
  116  8:03  Zerg Ground Armor Level 1  
  116  8:05  Muscular Augments  
  116  8:15  Zergling x38  
  135  8:36  Hatchery  
  135  8:38  Hydralisk x4  
  142  8:42  Overlord x8  
  142  8:43  Hatchery, Overlord x4  
  141  8:54  Pneumatized Carapace  
  141  8:59  Infestation Pit  
  141  9:02  Queen  
  140  9:04  Zergling x34  
  140  9:07  Hydralisk x2  
  163  9:27  Hydralisk x8  
  163  9:28  Hydralisk x2  
  183  9:37  Baneling x16  
  183  9:38  Baneling x8  
  183  9:39  Zergling x18  
  188  10:14  Hydralisk x6  
  188  10:18  Baneling x9  
  188  10:19  Baneling  
  200  10:29  Grooved Spines  
  200  10:40  Extractor  
  199  10:44  Spire  
  146  11:06  Zergling x2  
  146  11:07  Zergling x44  
  146  11:08  Zergling x16  
  147  11:30  Hydralisk  
  147  11:31  Hydralisk x11  
  160  11:39  Hydralisk x3  
  153  11:40  Hydralisk  
  153  11:43  Spore Crawler  
  153  11:45  Spore Crawler  
  153  11:46  Spore Crawler  
  140  11:48  Spore Crawler  
  140  11:49  Spore Crawler  
  140  11:50  Spore Crawler x2  
  140  11:51  Spore Crawler  
  140  11:52  Spore Crawler  
  140  11:53  Spore Crawler x3  
  121  11:55  Hydralisk Den  
  121  11:59  Spawning Pool  
  106  12:11  Hydralisk x3  
  106  12:12  Hydralisk  
  114  12:42  Overlord  
  114  12:43  Overlord x3  
  114  12:51  Infestation Pit  
  102  13:03  Drone x4  
  104  13:07  Lair  
  104  13:09  Hydralisk x6  
  104  13:12  Drone  
  117  13:17  Drone x3  
  120  13:27  Spore Crawler  
  120  13:30  Spore Crawler  
  120  13:31  Spore Crawler  
  93  13:48  Zergling x14  
  93  13:49  Zergling x6  
  102  13:59  Zergling x10  
  107  14:09  Baneling  
  107  14:10  Baneling x11  
  107  14:11  Baneling  
  107  14:15  Baneling  
  107  14:17  Drone  
  107  14:18  Drone x2  
  107  14:21  Drone  
  107  14:23  Drone  
  112  14:25  Drone  
  112  14:30  Drone x2  
  115  14:31  Drone  
  115  14:35  Drone x2  
  118  14:44  Hive  
  118  14:49  Baneling x6  
  118  15:08  Drone x4  
  118  15:09  Drone x7  
  118  15:11  Drone x3  
  132  15:21  Spore Crawler  
  132  15:24  Spore Crawler  
  132  15:25  Spore Crawler  
  132  15:26  Spore Crawler  
  128  15:34  Spore Crawler x2  
  126  15:36  Spore Crawler  
  126  15:37  Spore Crawler  
  126  15:38  Spore Crawler  
  124  15:42  Drone  
  124  15:43  Drone x4  
  124  15:44  Drone, Spore Crawler  
  122  16:01  Zerg Melee Weapons Level 2  
  122  16:02  Zerg Ground Armor Level 2  
  122  16:04  Viper  
  122  16:05  Viper x2  
  131  16:20  Spine Crawler  
  131  16:21  Spine Crawler x2  
  131  16:23  Spine Crawler  
  131  16:24  Spine Crawler  
  131  16:25  Spine Crawler  
  125  16:26  Zergling x10  
  125  16:27  Zergling x2  
  131  16:49  Viper x2  
  131  16:52  Zergling x26  
  131  16:53  Zergling x4  
  147  17:20  Spore Crawler x2  
  147  17:21  Drone x8  
  147  17:22  Drone x8  
  161  17:23  Spore Crawler x2  
  159  17:33  Baneling x3  
  159  17:34  Baneling x12  
  159  17:47  Extractor x2  
  157  18:01  Zergling x2  
  157  18:02  Zergling x28  
  172  18:34  Hydralisk x12  
  113  19:45  Hydralisk  
  113  19:46  Hydralisk x15  
  121  20:16  Zergling x2  
  121  20:17  Zergling x16  
  121  20:19  Hatchery x2  
  128  20:23  Zerg Melee Weapons Level 3  
  128  20:24  Zerg Ground Armor Level 3  
  128  20:28  Adrenal Glands  
  128  20:37  Hatchery  
  127  20:43  Zergling x4  
  127  20:44  Zergling x18  
  138  20:54  Extractor x2  
  136  21:01  Drone  
  136  21:02  Drone x2  
  139  21:11  Drone  
  139  21:12  Drone x3  
  139  21:13  Drone x2  
  139  21:15  Hydralisk x2  
  149  21:24  Queen  
  149  21:25  Extractor  
  150  21:28  Extractor  
  149  21:36  Zergling x2  
  149  21:37  Zergling x20  
  160  21:41  Viper x2  
  156  22:02  Zergling x2  
  156  22:03  Zergling x30  
  156  22:06  Baneling x12  
  156  22:07  Baneling x16  
  168  22:20  Zergling x18  
  168  22:21  Zergling x8  
  128  22:41  Zergling x30  
  113  22:52  Hydralisk x5  
  113  22:58  Baneling x17  
  123  22:59  Baneling x7  
  123  23:06  Hydralisk x4  
  123  23:07  Extractor x2  
  123  23:10  Zergling x2  
  123  23:11  Zergling x14  
  137  23:19  Viper  
  140  23:46  Hydralisk x7  
  154  24:01  Zergling x30  
  154  24:02  Zergling x8  
  173  24:05  Baneling x7  
  173  24:06  Baneling x6  
  167  24:37  Hydralisk x10  
  185  24:54  Zergling x14  
  185  24:55  Zergling x14  
  199  25:12  Zergling x2  
  199  25:13  Zergling x18  
  173  25:36  Hydralisk Den  
  166  25:48  Zergling x18  
  166  25:49  Zergling x18  
  172  26:04  Hydralisk x7  
  159  26:05  Hydralisk  
  157  26:36  Zergling x14  
  157  26:37  Zergling x8  
Show
View Real Time Build Order
Export as new Build Order

blasterofrac Terran 

Build Orders: Reaper Expand 

Get SALT Encoding   

  12  0:01  SCV  
  13  0:13  SCV  
  14  0:17  Supply Depot  
  14  0:25  SCV  
  15  0:39  SCV  
  15  0:41  Barracks  
  16  0:45  Refinery  
  16  0:51  SCV  
  17  1:03  SCV  
  18  1:15  SCV  
  19  1:28  Orbital Command  
  19  1:29  Reaper  
  20  1:47  Command Center  
  20  1:54  SCV  
  21  2:01  Barracks  
  21  2:06  Barracks Reactor  
  21  2:09  SCV  
  22  2:18  Supply Depot  
  22  2:21  SCV  
  23  2:23  Refinery  
  23  2:40  SCV  
  23  2:43  Marine x2  
  26  2:50  Barracks Tech Lab  
  26  2:52  SCV  
  26  2:54  Barracks Tech Lab  
  26  2:58  Factory  
  26  3:01  Marine  
  26  3:03  Orbital Command  
  26  3:04  SCV  
  28  3:06  Marine  
  29  3:13  Marine  
  29  3:14  Stimpack  
  29  3:16  SCV  
  31  3:22  Marine  
  31  3:24  Marine  
  33  3:28  SCV  
  33  3:29  SCV  
  33  3:32  Marine  
  36  3:40  Marine  
  36  3:41  SCV x2  
  38  3:43  Starport, Factory Reactor  
  38  3:44  Marine  
  40  3:49  Marine  
  40  3:53  SCV  
  42  3:55  Supply Depot  
  42  3:57  SCV  
  42  3:58  Marine  
  42  4:02  Marine  
  45  4:05  SCV, Supply Depot  
  46  4:14  Engineering Bay  
  46  4:17  SCV, Engineering Bay  
  46  4:19  SCV  
  48  4:29  SCV  
  48  4:30  Medivac  
  51  4:31  Medivac  
  51  4:32  Marine  
  51  4:33  Marine x2  
  51  4:37  Factory Tech Lab, Supply Depot  
  56  4:41  Refinery  
  56  4:44  Terran Infantry Weapons Level 1  
  56  4:49  SCV  
  56  4:50  Marine, Refinery  
  56  4:51  Marine x2  
  56  4:52  SCV  
  61  4:55  Terran Infantry Armor Level 1  
  61  5:01  SCV  
  61  5:04  Supply Depot  
  62  5:08  Marine  
  62  5:13  Marine  
  64  5:14  Marine  
  64  5:19  Siege Tank  
  68  5:22  SCV x2  
  68  5:26  Marine  
  71  5:34  SCV x2  
  73  5:39  Marine  
  74  5:44  Command Center  
  74  5:46  SCV  
  75  5:55  Marine  
  75  5:56  Marauder  
  76  6:01  Siege Tank  
  75  6:04  Marine  
  75  6:10  SCV  
  69  6:12  SCV  
  69  6:13  Marine  
  69  6:15  Medivac x2  
  69  6:17  Marine  
  70  6:21  Combat Shield  
  70  6:22  Marine  
  70  6:23  Barracks  
  70  6:24  Barracks  
  71  6:31  Marine  
  71  6:32  SCV, Armory  
  73  6:33  Siege Tank  
  73  6:35  Marine  
  73  6:36  SCV  
  78  6:48  Supply Depot  
  78  6:49  Marine x2  
  78  6:50  Medivac x2, SCV x2  
  78  6:51  Supply Depot  
  78  6:53  Supply Depot  
  86  6:55  Marine  
  88  7:01  Barracks  
  88  7:07  Marine x2, SCV  
  91  7:08  Barracks  
  91  7:10  Orbital Command  
  91  7:12  Marine  
  91  7:16  Barracks Tech Lab  
  91  7:17  SCV  
  91  7:19  SCV  
  93  7:25  Marine  
  93  7:26  Marine  
  96  7:30  Medivac, SCV, Marine  
  96  7:31  SCV  
  100  7:39  Marine  
  100  7:42  SCV  
  100  7:43  SCV  
  102  7:46  Marine  
  102  7:47  Siege Tank  
  102  7:48  SCV  
  102  7:49  Terran Infantry Weapons Level 2  
  104  7:54  SCV  
  104  7:55  Terran Infantry Armor Level 2  
  104  7:56  Barracks Tech Lab x2  
  104  7:57  Barracks Tech Lab  
  105  8:01  Marine x2, Marauder  
  105  8:03  SCV  
  110  8:06  SCV  
  110  8:07  SCV  
  112  8:15  SCV  
  112  8:17  Fusion Core  
  112  8:18  SCV  
  112  8:19  SCV  
  115  8:22  Starport  
  115  8:28  Marine, Starport  
  115  8:30  Starport  
  115  8:31  Barracks Reactor  
  115  8:32  Barracks Tech Lab  
  116  8:41  Refinery  
  116  8:42  Refinery  
  116  8:46  Marine  
  116  8:47  Marauder x2, Supply Depot  
  116  8:48  SCV, Supply Depot x2  
  121  8:50  Terran Ship Weapons Level 1  
  121  8:53  SCV  
  121  8:55  SCV  
  124  9:00  Marine  
  124  9:01  Sensor Tower  
  125  9:06  Supply Depot  
  125  9:07  Supply Depot  
  125  9:08  Marine  
  126  9:15  SCV  
  133  9:24  Battlecruiser  
  133  9:26  SCV  
  134  9:46  Command Center  
  134  9:48  Command Center  
  134  9:57  Marine  
  134  9:58  Marauder, Battlecruiser  
  134  9:59  Marine x2, Battlecruiser  
  139  10:04  Marine  
  141  10:15  SCV  
  141  10:16  SCV  
  143  10:23  Command Center  
  143  10:24  Marauder  
  143  10:26  Marine, Supply Depot  
  143  10:27  Siege Tank, Supply Depot  
  149  10:28  Supply Depot x2  
  149  10:34  Marine  
  149  10:35  Battlecruiser  
  156  10:40  Marine  
  157  10:55  Marine x2  
  157  10:56  Marauder x2  
  161  10:57  Marine  
  161  10:58  Marauder, Marine  
  113  11:13  Marine  
  113  11:17  Marine  
  113  11:18  Marauder  
  102  11:24  Marine  
  96  11:26  SCV  
  88  11:32  Marine  
  88  11:34  Battlecruiser  
  88  11:35  Battlecruiser  
  95  11:40  Marine  
  95  11:44  Marine  
  95  11:45  Marauder x2  
  94  11:54  Marine  
  82  12:09  SCV  
  78  12:22  Marine  
  74  12:24  Marine  
  75  12:36  Orbital Command  
  75  12:41  Marine  
  76  12:50  Marine x2  
  72  12:59  Marine  
  72  13:00  Marine  
  72  13:01  SCV  
  75  13:08  SCV  
  76  13:13  SCV  
  76  13:17  Marine  
  78  13:21  Marine  
  78  13:26  Command Center  
  79  13:30  Marine  
  80  13:35  SCV  
  81  13:47  Orbital Command  
  79  13:56  Marine  
  79  13:59  Marine  
  83  14:05  SCV  
  83  14:06  Medivac  
  83  14:07  Medivac x4  
  94  14:13  SCV x2  
  94  14:16  Orbital Command  
  94  14:23  Marine  
  94  14:24  SCV  
  96  14:28  Marine, Marauder  
  96  14:30  Siege Tank  
  102  14:32  SCV  
  102  14:35  Marine  
  104  14:39  SCV  
  104  14:42  Armory  
  105  14:49  SCV  
  105  14:50  Engineering Bay  
  105  14:51  Orbital Command  
  106  14:53  SCV x2  
  106  14:54  Marine  
  109  15:05  Marine  
  109  15:06  Marauder, Siege Tank  
  115  15:09  SCV  
  115  15:11  Marine  
  115  15:13  Refinery, Supply Depot  
  117  15:14  Marine  
  117  15:17  Marine, SCV  
  117  15:18  Refinery  
  117  15:20  Marine  
  121  15:26  Marine  
  121  15:27  Raven  
  124  15:29  SCV  
  124  15:30  SCV x2  
  124  15:31  SCV  
  124  15:33  Marine  
  130  15:35  SCV  
  130  15:38  Siege Tank  
  130  15:41  Marine  
  134  15:43  SCV  
  134  15:44  Marine  
  134  15:48  SCV  
  135  15:51  SCV  
  135  15:55  Marine  
  129  16:04  SCV  
  129  16:05  SCV x3, Refinery  
  129  16:06  SCV, Refinery  
  134  16:13  Marine  
  134  16:14  Marine  
  134  16:16  SCV  
  134  16:17  SCV x2  
  139  16:31  Supply Depot  
  139  16:36  Supply Depot  
  139  16:37  Supply Depot  
  139  16:38  Terran Ship Weapons Level 2  
  139  16:46  Supply Depot  
  139  16:48  Supply Depot  
  139  16:50  Supply Depot  
  139  16:52  Marine x4  
  139  16:53  Marauder, SCV x2  
  147  16:57  Weapon Refit, Supply Depot  
  147  16:58  Marauder, Battlecruiser, Supply Depot  
  147  16:59  Marine, SCV  
  157  17:15  Marine, Marauder  
  160  17:16  SCV  
  160  17:21  Battlecruiser  
  167  17:24  SCV x2  
  169  17:33  Marine  
  169  17:34  Marine  
  171  17:37  SCV  
  171  17:42  Barracks x3  
  172  17:46  Raven  
  172  17:51  SCV  
  175  17:52  SCV  
  175  17:57  SCV  
  178  18:07  Raven  
  179  18:30  Marine, Marauder  
  179  18:32  Barracks Reactor x3  
  182  18:56  Marine  
  182  18:57  Marauder  
  182  18:58  Battlecruiser  
  180  19:04  Barracks  
  180  19:08  Barracks x2  
  180  19:09  Barracks  
  180  19:10  Barracks  
  180  19:11  Barracks  
  138  19:41  Marine x2, Marauder  
  138  19:43  Marine x3  
  138  19:44  Marauder x2  
  115  19:47  Marine x2  
  110  19:59  Marine x3  
  118  20:00  Command Center  
  118  20:01  Marine x2  
  118  20:03  Marauder, Barracks Reactor x3  
  118  20:04  Barracks Reactor x2  
  118  20:05  Marauder x2  
  121  20:12  SCV x2  
  121  20:13  SCV x2  
  125  20:18  Marine  
  125  20:21  Barracks Reactor x2  
  126  20:24  Marauder, SCV x2  
  126  20:25  SCV  
  126  20:26  Marauder  
  126  20:27  Marauder  
  135  20:28  Orbital Command  
  135  20:36  SCV x2  
  135  20:41  Supply Depot  
  135  20:42  Marine x2, Supply Depot  
  137  20:43  Marine x5  
  137  20:44  Supply Depot  
  137  20:47  Sensor Tower  
  137  20:49  Refinery  
  144  20:53  Refinery  
  144  20:55  SCV x2  
  144  20:56  SCV  
  147  21:06  Marine  
  147  21:07  Marine  
  147  21:09  Marine x4  
  147  21:10  Marine x3  
  156  21:19  Marine  
  157  21:28  Marine  
  157  21:29  Marine x4  
  157  21:30  Marine x5  
  157  21:32  Marine  
  168  21:48  Marine x2  
  168  21:49  Marauder x2  
  168  21:50  Battlecruiser  
  174  22:01  Marine  
  174  22:02  Marine  
  174  22:03  Siege Tank  
  179  22:19  Marine  
  179  22:21  Marine  
  179  22:22  Marine  
  173  22:25  Medivac x2  
  177  22:31  Marine  
  177  22:32  Marine  
  177  22:35  Siege Tank  
  177  22:36  Marine  
  154  22:37  Marine  
  154  22:38  Marine x2, Marauder x3  
  154  22:43  Marine x2  
  154  22:44  Marine x5  
  162  22:54  Marine  
  162  22:58  Marine  
  163  22:59  Marauder  
  163  23:00  Marauder  
  167  23:07  Marine x3  
  172  23:18  Marine  
  172  23:19  Siege Tank  
  176  23:27  SCV  
  175  23:32  Marine  
  176  23:35  Marine  
  176  23:36  Marine  
  178  23:45  Orbital Command  
  178  23:52  Siege Tank  
  178  23:53  Marine  
  178  23:54  Marine  
  178  23:55  Marauder  
  185  24:08  Marine  
  186  24:23  Marine  
  186  24:24  Marine  
  187  24:28  Marine  
  188  24:34  Supply Depot  
  188  24:49  Marine  
  188  24:50  Marine x2, SCV x2  
  188  24:52  Marauder  
  188  24:55  Marine  
  188  24:56  Siege Tank, Marauder x2  
  196  25:09  Marine x8  
  196  25:14  Marauder  
  195  25:18  Marauder  
  195  25:19  Marauder  
  182  25:21  Marine  
  182  25:22  Marine x2  
  182  25:25  Marine x2  
  153  25:28  Marine  
  153  25:29  Marine  
  153  25:30  Marine  
  153  25:35  Marauder  
  133  25:38  Marine  
  133  25:39  Marine, Marauder  
  133  25:40  Marauder, Marine  
  130  25:44  Marine  
  130  25:45  Marine  
  116  25:56  Marauder  
  101  26:00  Marine  
  101  26:01  Marauder x2  
  95  26:10  Marine  
  86  26:17  SCV  
  86  26:18  Marauder  
  87  26:22  Marauder  
  87  26:23  Marauder  
  86  26:30  Marine  
  83  26:32  Marine  
  83  26:34  Marine  
  83  26:39  Marine, Marauder  
  80  26:43  Marine, Marauder  
  80  26:44  Marine  
  84  26:54  Marine x2  
Tags
 
Add a new tag
Caveats
  • Supply blocks, unpowered buildings, or Contaminate may cause inaccurate times.
  • Supply counts are checked every 10 seconds.